cohdb
Replays
Latest Replays
All Replays
Popular Replays
Top Player Replays
Match Explorer
How It Works
Community
CoH3 Stats
Reddit
Sign in to upload your games and track your stats! →
Sign in with Steam
Match 46414370
Unlisted
Match 46414370
Overview
Messages
Build Orders
End
Engineer Squad
Construct Barracks
Selects Airborne Battlegroup
Selects Heavy Machine Gun Paradrop
1⁄4-ton 4x4 Truck
Heavy Machine Gun Paradrop
Heavy Machine Gun Paradrop
Selects Paratrooper Squad Paradrop
Paratrooper Squad Paradrop
Construct Medical Station
Mechanized Support Center
Paratrooper Squad Paradrop
Construct Motor Pool
M24 Chaffee Light Tank
M1 Mortar Team
Selects Recon Loiter
Selects Supply Drop
Recon Loiter
Designate Forward Repair Station
M24 Chaffee Light Tank
Supply Drop
Mortar Pit
Mortar Pit
M24 Chaffee Light Tank
Selects Carpet Bombing Run
Carpet Bombing Run
M24 Chaffee Light Tank
Recon Loiter
Selects Anti-tank Gun Team Paradrop
Anti-tank Gun Team Paradrop
Recon Loiter
Esxile
leto
Dr. Jekyll
PutPut-AusarTheVile
0
0
Comments
sign in to comment!
No comments posted yet!